 Dungeon Crawl Stone Soup version 0.30-a0-263-ge22c4ad894 (webtiles) character file.

Game seed: 13811659461997922382

1251 jlumianski the Chopper (level 8, 0/64 HPs)
             Began as a Demonspawn Gladiator on Oct 13, 2022.
             Was a Follower of Qazlal.
             Slain by Duvessa
             ... wielding a +0 rapier
              (5 damage)
             ... on level 5 of the Dungeon.
             The game lasted 00:19:08 (5166 turns).

jlumianski the Chopper (Demonspawn Gladiator)       Turns: 5166, Time: 00:19:09

Health: 0/64       AC: 11    Str: 17    XL:     8   Next: 26%
Magic:  10/10      EV: 12    Int: 10    God:    Qazlal [*.....]
Gold:   212        SH:  6    Dex: 14    Spells: 7/7 levels left

rFire   . . .      SeeInvis .    a - +0 war axe
rCold   . . .      Faith    .    (no shield)
rNeg    . . .      Spirit   .    g - +0 scale mail
rPois   .          Reflect  .    c - +1 helmet
rElec   .          Harm     .    r - scarf {+Inv}
rCorr   .          Rampage  .    o - +0 pair of gloves
Will    .....                    (no boots)
Stlth   ..........               (no amulet)
HPRegen 0.30/turn                (no ring)
MPRegen 0.12/turn                (no ring)

@: no status effects
A: large bone plates 1, foul stench 1, powered by death 1, weakness stinger 2
a: Renounce Religion, Evoke Invisibility


You were on level 5 of the Dungeon.
You worshipped Qazlal.
Qazlal was aware of your devotion.
You visited 2 branches of the dungeon, and saw 7 of its levels.

You collected 212 gold pieces.

Inventory:

Hand Weapons
 a - a +0 war axe (weapon)
 k - a +2 vorpal spear
 n - a +0 dagger
 t - a +1 trident of venom
Missiles
 d - 4 throwing nets
 e - a javelin
 h - 5 boomerangs
 m - 12 poisoned darts (quivered)
Armour
 b - a +0 leather armour
 c - a +1 helmet (worn)
 g - a +0 scale mail (worn)
 j - the +1 leather armour "Ufrah" {Dex+3}
   (You found it on level 2 of the Dungeon)

   Dex:       It affects your dexterity (+3).
 o - a +0 pair of gloves (worn)
 r - a scarf of invisibility (worn)
Jewellery
 u - a ring of wizardry
Scrolls
 p - 2 scrolls of teleportation
 q - 2 scrolls of amnesia
 s - 2 scrolls of identify
 w - a scroll of magic mapping
Potions
 f - 3 potions of attraction
 i - 2 potions of might
 l - a potion of magic
 v - a potion of heal wounds {unknown}


   Skills:
 + Level 5.8 Fighting
 + Level 6.4 Axes
 + Level 5.3 Throwing
 + Level 5.7 Armour
 + Level 5.8 Dodging
 + Level 0.8 Stealth
 * Level 3.0 Invocations
 * Level 1.7 Evocations


You had 7 spell levels left.
You didn't know any spells.
Your spell library contained the following spells:

 Spells                   Type           Power      Damage    Failure   Level
 Freeze                   Ice            0%         1d3       75%         1
 Frozen Ramparts          Ice            0%         1d1       98%         3
 Hailstorm                Conj/Ice       0%         3d3       98%         3


Dungeon Overview and Level Annotations

Branches:
Dungeon (6/15)             Temple (1/1) D:4

Altars:
Dithmenos
Makhleb
Qazlal
Wu Jian
Yredelemnul

Annotations:
D:5 Duvessa


Innate Abilities, Weirdness & Mutations

You are partially covered in large bone plates. (SH +4)
You may rarely emit foul miasma when damaged in melee.
You regenerate a little health from kills.
You have a tail ending in a sharp stinger.


Message History

You start resting.
You feel sick. x6
You are no longer poisoned.
You start resting.
You are no longer glowing.
You start resting.
HP restored.
You climb downwards.
Level annotation: Duvessa Duvessa closely misses you.
Duvessa barely misses you.
There is a stone staircase leading up here.
You block Duvessa's attack.
The centaur shoots an arrow.
The arrow completely misses you. You block Duvessa's attack.
You climb upwards.
There is a stone staircase leading down here.
You hit Duvessa but do no damage. Duvessa hits you but does no damage.
You closely miss Duvessa. You block Duvessa's attack.
Duvessa hits you with a +0 rapier!!
You barely miss Duvessa.
You tail-slap Duvessa, but do no damage.
Duvessa hits you with a +0 rapier! Duvessa hits you but does no damage.
You hit Duvessa.
Duvessa is lightly wounded.
Duvessa hits you with a +0 rapier. Duvessa closely misses you.
You hit Duvessa.
Duvessa is moderately wounded.
You block Duvessa's attack.
You hit Duvessa but do no damage.
Duvessa is moderately wounded.
Duvessa barely misses you. You block Duvessa's attack.
You slash Duvessa!
Duvessa is moderately wounded.
Duvessa barely misses you. Duvessa hits you with a +0 rapier.
You barely miss Duvessa.
Duvessa is moderately wounded.
Duvessa hits you with a +0 rapier. Duvessa hits you with a +0 rapier!!
* * * LOW HITPOINT WARNING * * *
You hit Duvessa.
Your tail-slap misses Duvessa.
Duvessa is heavily wounded.
Duvessa hits you with a +0 rapier.
You die...

###########
##########.........#
#..........e.......#
#.########.@[......#
#.# #○°.......### #.#
#...........####### #.#
#.........#..†.##..
#####.#
#...........##.##.#
#.....#
#####.........#.##.##.#
#.#####
#.............#.##.##.#
#.#
#.#.#.###..####.....#.#
#.# ######..###.##...#
####.)#.#


You could see Duvessa (berserk).

Vanquished Creatures
  4 ice beasts
  2 ogres (D:5)
  A phantom (D:5)
  A necrophage (D:5)
  2 scorpions (D:5)
  A hound (D:5)
  4 iguanas
  14 adders
  4 gnolls (D:5)
  A white imp (D:5)
  2 ufetubi (D:5)
  A dart slug (D:1)
  7 orcs
  9 ball pythons
  An endoplasm (D:3)
  3 giant cockroaches
  7 goblins
  8 hobgoblins
  2 jackals (D:3)
  3 quokkas
  3 bats
  3 frilled lizards (D:1)
  6 kobolds
  A rat (D:1)
90 creatures vanquished.

Vanquished Creatures (others)
  Dowan (D:6)
1 creature vanquished.

Grand Total: 91 creatures vanquished

Notes
Turn   | Place    | Note
-------+----------+-------------------------------------------
     0 | D:1      | jlumianski the Demonspawn Gladiator began the quest for the
                  | Orb.
     0 | D:1      | Reached XP level 1. HP: 16/16 MP: 1/1
   175 | D:2      | Identified the +1 leather armour "Ufrah" {Dex+3}
   230 | D:1      | Reached skill level 3 in Axes
   293 | D:1      | Gained mutation: You regenerate a little health from kills.
                  | [demonic ancestry]
   293 | D:1      | Reached XP level 2. HP: 22/22 MP: 2/2
   471 | D:1      | Upgraded the game from 0.30-a0-250-g41c1d76940 to
                  | 0.30-a0-263-ge22c4ad894
  1290 | D:2      | Reached XP level 3. HP: 27/27 MP: 3/3
  1308 | D:2      | Reached skill level 1 in Armour
  1613 | D:2      | Reached XP level 4. HP: 29/33 MP: 4/4
  1712 | D:2      | Reached skill level 5 in Fighting
  1712 | D:2      | Reached skill level 5 in Axes
  1712 | D:2      | Reached skill level 5 in Throwing
  1712 | D:2      | Reached skill level 5 in Dodging
  1712 | D:2      | Gained mutation: You have a small tail. [demonic ancestry]
  1712 | D:2      | Reached XP level 5. HP: 44/44 MP: 5/5
  1870 | D:5      | Entered Level 5 of the Dungeon
  1873 | D:6      | Noticed an ice beast
  1873 | D:6      | Noticed an ice beast
  1964 | D:3      | Found a faded altar of an unknown god.
  2085 | D:3      | Noticed an ice beast
  2102 | D:3      | Killed an ice beast
  2103 | D:3      | Reached skill level 5 in Armour
  2200 | D:3      | Gained mutation: You have a tail ending in a sharp stinger.
                  | [demonic ancestry]
  2200 | D:3      | Reached XP level 6. HP: 29/51 MP: 6/6
  2866 | D:4      | Found a staircase to the Ecumenical Temple.
  2904 | Temple   | Entered the Ecumenical Temple
  2950 | Temple   | Became a worshipper of Qazlal Stormbringer
  3941 | D:5      | Reached skill level 6 in Axes
  3946 | D:5      | HP: 3/76 [poisoned by a scorpion]
  3949 | D:5      | HP: 1/76 [poisoned by a scorpion]
  4163 | D:5      | Noticed an ice beast
  4172 | D:5      | Killed an ice beast
  4173 | D:5      | Reached skill level 1 in Invocations
  4173 | D:5      | Gained mutation: You may rarely emit foul miasma when
                  | damaged in melee. [demonic ancestry]
  4173 | D:5      | Reached XP level 7. HP: 30/56 MP: 7/7
  4309 | D:5      | Reached skill level 1 in Evocations
  4316 | D:5      | Reached * piety under Qazlal
  4602 | D:5      | Gained mutation: You are partially covered in large bone
                  | plates. (SH +4) [demonic ancestry]
  4602 | D:5      | Reached XP level 8. HP: 55/64 MP: 8/10
  4626 | D:6      | Noticed Dowan
  4627 | D:6      | Noticed Duvessa
  4763 | D:5      | Found a shadowy altar of Dithmenos.
  5004 | D:6      | Killed Dowan
  5166 | D:5      | Slain by Duvessa

Illustrated notes

Levels and vault maps discovered:
D:1:      moated_graveyard_arrival, layout_basic, minmay_box_of_dots
D:2:      layout_rooms
D:3:      layout_basic, dreamdust_ecumenical_altar_grove, serial_bayou_crossing
D:4:      layout_gridville, minmay_temple_entry_slanted, skrybe_limestone_x,
          grunt_decor_clamped
D:5:      layout_loops_ring, nicolae_dithmenos_through_a_glass_darkly
D:6:      layout_loops_ring, uniq_duvessa
Temple:   minmay_temple_curvy_branch

Skill      XL: |  1  2  3  4  5  6  7  8 |
---------------+-------------------------+-----
Axes           | 3 5 6 |  6.4
Dodging        | 3 5 |  5.8
Armour         | 1 4 5 |  5.7
Fighting       | 5 |  5.8
Throwing       | 5 |  5.3
Invocations    | 1 2 3 |  3.0
Evocations     | 1 |  1.7
Stealth        | |  0.8

Action                   |  1- 3 |  4- 6 |  7- 9 || total
-------------------------+-------+-------+-------++-------
Melee: War axe           |    83 |   106 |    99 ||   288
       Punch             |     2 |       |       ||     2
       Tailslap          |       |     9 |    19 ||    28
Throw: Dart              |       |     9 |     8 ||    17
  Use: Scroll            |       |     8 |       ||     8
       Potion            |       |     4 |       ||     4
Armor: Scale mail        |    66 |    49 |    48 ||   163
Dodge: Dodged            |    67 |    77 |    81 ||   225
Block: Other             |       |       |    20 ||    20

Table legend: (Time is in decaauts)
 A = Elapsed time spent in this place.
 B = Non-inter-level travel time spent in this place.
 C = Inter-level travel time spent in this place.
 D = Time resting spent in this place.
 E = Time spent auto-exploring this place.
 F = Levels seen in this place.
 G = Mean time per level.
                   A        B        C        D        E       F      G
               +--------+--------+--------+--------+--------+-----+--------+
         Total |   5257 |   5092 |    165 |    378 |   2834 |   7 |  751.0 |
       Dungeon |   5115 |   4950 |    165 |    378 |   2762 |   6 |  852.5 |
        Temple |    141 |    141 |      0 |      0 |     72 |   1 |  141.0 |
               +--------+--------+--------+--------+--------+-----+--------+

Top non-repeatable levels by time:
     D:5: 1438 daAuts
     D:1: 1138 daAuts
     D:3: 1044 daAuts
     D:4: 833 daAuts
     D:2: 588 daAuts
  Temple: 141 daAuts
     D:6: 73 daAuts
